 Dungeon Crawl Stone Soup version 0.30-a0-737-gf23d94013f (webtiles) character file.

Game seed: 15097042797439377854

143 Necrophagist the Vexing (level 5, -4/46 HPs)
             Began as a Naga Hexslinger on Feb 2, 2023.
             Was an Initiate of Hepliaklqana.
             Slain by a black bear (6 damage)
             ... on level 4 of the Dungeon.
             The game lasted 00:03:30 (2712 turns).

Necrophagist the Vexing (Naga Hexslinger)           Turns: 2712, Time: 00:03:31

Health: -4/46      AC:  4    Str: 13    XL:     5   Next: 25%
Magic:  7/7        EV:  8    Int: 13    God:    Hepliaklqana [......]
Gold:   58         SH:  7    Dex: 13    Spells: 6/7 levels left

rFire   . . .      SeeInvis +    a - +1 sling
rCold   . . .      Faith    .    j - +0 kite shield
rNeg    . . .      Spirit   .    c - +0 robe
rPois   +          Reflect  .    f - +0 helmet
rElec   .          Harm     .    i - +0 cloak
rCorr   .          Rampage  .    (no gloves)
Will    .....                    (no barding)
Stlth   +                        (no amulet)
HPRegen 0.27/turn                (no ring)
MPRegen 0.10/turn                (no ring)

@: very slow
A: AC +1, large, see invisible, deformed body, poison resistance, slowness 2,
spit poison 1, naga tail 1
a: Spit Poison, Renounce Religion


You were on level 4 of the Dungeon.
You worshipped Hepliaklqana.
Hepliaklqana was noncommittal.
You visited 1 branch of the dungeon, and saw 4 of its levels.

You collected 58 gold pieces.

Inventory:

Hand Weapons
 a - a +1 sling (weapon)
Armour
 c - a +0 robe (worn)
 f - a +0 helmet (worn)
 i - a +0 cloak (worn)
 j - a +0 kite shield (worn)
Wands
 l - a wand of quicksilver (9)
 m - a wand of polymorph (5)
Scrolls
 b - a scroll of poison
 e - a scroll of identify {unknown}
 g - a scroll of immolation {unknown}
 h - 3 scrolls of vulnerability {unknown}
 k - a scroll of fear {unknown}
 o - a scroll of enchant weapon {unknown}
Potions
 d - a potion of curing {unknown}
 n - a potion of degeneration {unknown}
 p - a potion of resistance {unknown}


   Skills:
 * Level 2.6 Fighting
 * Level 3.0 Ranged Weapons
 + Level 2.1 Dodging
 + Level 1.7 Spellcasting
 + Level 3.5 Hexes


You had 6 spell levels left.
You knew the following spells:

 Your Spells              Type           Power      Damage    Failure   Level
a - Slow                  Hex            40%        N/A       17%         1

Your spell library contained the following spells:

 Spells                   Type           Power      Damage    Failure   Level
 Confusing Touch          Hex            10%        N/A       45%         3
 Sting                    Tmut/Pois      4%         1d3       56%         1
 Poisonous Vapours        Pois/Air       2%         N/A       71%         2
 Inner Flame              Hex/Fire       5%         N/A       71%         3
 Portal Projectile        Hex/Tloc       10%        N/A       71%         3
 Cause Fear               Hex            5%         N/A       86%         4
 Vampiric Draining        Necr           1%         2d6       91%         3
 Olgreb's Toxic Radiance  Pois           1%         N/A       100%        4


Dungeon Overview and Level Annotations

Branches:
Dungeon (4/15)
 Temple: D:4-7

Altars:
Hepliaklqana


Innate Abilities, Weirdness & Mutations

Your serpentine skin is tough. (AC +1)
You have supernaturally acute eyesight. (SInv)
Armour fits poorly on your strangely shaped body.
Your system is resistant to poisons. (rPois)
You cover ground very slowly.
You can spit poison.
You have a snake-like lower body.


Message History

The black bear bites you. The black bear closely misses you.
You block the black bear's attack.
You shoot a sling bullet.
The sling bullet barely misses the black bear.
The black bear barely misses you. x4; You block the black bear's attack.
The black bear barely misses you.
You shoot a sling bullet.
The sling bullet barely misses the black bear.
The black bear closely misses you. You block the black bear's attack. x2
The black bear bites you but does no damage.
The black bear closely misses you. The black bear claws you.
You shoot a sling bullet. The sling bullet hits the black bear.
The black bear is almost dead.
You block the black bear's attack. The black bear claws you. x2
The black bear bites you!
The black bear claws you but does no damage. x2
You are too injured to fight recklessly!
You are too injured to fight recklessly!
You are too injured to fight recklessly!
Fire: a) +1 sling
Press: ? - help, Q - select action, (/) - cycle Shift-Dir - straight line, f/p - black bear
Aim: a black bear (almost dead, berserk, 65% to hit)
You shoot a sling bullet.
The sling bullet completely misses the black bear.
The black bear bites you!
* * * LOW HITPOINT WARNING * * *
The black bear claws you but does no damage.
You block the black bear's attack.
The black bear bites you but does no damage.
The black bear claws you.
* * * LOW HITPOINT WARNING * * *
The black bear claws you.
* * * LOW HITPOINT WARNING * * *
Fire: a) +1 sling
Press: ? - help, Q - select action, (/) - cycle Shift-Dir - straight line, f/p - black bear
Aim: a black bear (almost dead, berserk, 65% to hit)
You shoot a sling bullet. The sling bullet hits the black bear.
The black bear is almost dead.
The black bear bites you.
You die...

#......#
#.####...##
.#.........#
#...........#
##########.##
#.# #.#
##############.#
#....h@........#
#.##############


You could see a black bear (berserk).

Vanquished Creatures
  Jessica (D:3)
  Terence (D:3)
  3 adders
  A worm (D:3)
  A dart slug (D:1)
  9 orcs
  5 ball pythons
  4 bats
  3 endoplasms
  2 giant cockroaches
  6 hobgoblins
  5 kobolds
  3 quokkas
  2 frilled lizards (D:2)
  5 goblins
  4 rats
55 creatures vanquished.

Notes
Turn   | Place    | Note
-------+----------+-------------------------------------------
     0 | D:1      | Necrophagist the Naga Hexslinger began the quest for the
                  | Orb.
     0 | D:1      | Reached XP level 1. HP: 18/18 MP: 2/2
   216 | D:1      | Reached XP level 2. HP: 18/25 MP: 3/3
   958 | D:2      | Reached XP level 3. HP: 26/32 MP: 4/4
  1759 | D:3      | Reached XP level 4. HP: 28/39 MP: 6/6
  1957 | D:3      | Found a hazy altar of Hepliaklqana.
  2112 | D:3      | Noticed Terence
  2200 | D:3      | Killed Terence
  2300 | D:3      | Noticed Jessica
  2314 | D:3      | Killed Jessica
  2315 | D:3      | Reached XP level 5. HP: 41/46 MP: 7/7
  2598 | D:3      | Became a worshipper of Hepliaklqana the Forgotten
  2700 | D:4      | Noticed a black bear
  2711 | D:4      | HP: 2/46 [black bear (2)]
  2712 | D:4      | Slain by a black bear

Illustrated notes

Levels and vault maps discovered:
D:1:      minmay_arrival_open_corners, layout_loops_ring
D:2:      layout_basic, serial_aquarium, aquarium_bridge_long_separate
          [aquarium_subvault_wall, aquarium_subvault_bridge,
          aquarium_subvault_bridge, aquarium_subvault_bridge,
          aquarium_subvault_bridge, aquarium_subvault_wall],
          aquarium_window_fake, aquarium_window_fake, aquarium_window_corner,
          aquarium_view_2a, aquarium_balcony_3b, columned_hall_lemuel,
          kennysheep_donut
D:3:      layout_loops_ring, nzn_hepliaklqana_mist_gate, uniq_jessica,
          uniq_terence
D:4:      layout_basic, kennysheep_little_box, serial_shops,
          nicolae_shop_hallway_stairs

Skill      XL: |  1  2  3  4  5 |
---------------+----------------+-----
Ranged Weapons | 2 3 |  3.0
Fighting       | 2 |  2.6
Dodging        | 2 |  2.1
Spellcasting   | |  1.7
Hexes          | |  3.5

Action                     |  1- 3 |  4- 6 || total
---------------------------+-------+-------++-------
  Melee: Unarmed           |       |     3 ||     3
   Fire: Sling             |   123 |   104 ||   227
   Cast: Slow              |     9 |     5 ||    14
 Armour: Robe              |    24 |    18 ||    42
         Skin              |       |    13 ||    13
  Dodge: Dodged            |    41 |    23 ||    64
  Block: Kite shield       |    15 |    27 ||    42

Table legend: (Time is in decaauts)
 A = Elapsed time spent in this place.
 B = Non-inter-level travel time spent in this place.
 C = Inter-level travel time spent in this place.
 D = Time resting spent in this place.
 E = Time spent auto-exploring this place.
 F = Levels seen in this place.
 G = Mean time per level.
                   A        B        C        D        E       F      G
               +--------+--------+--------+--------+--------+-----+--------+
         Total |   3525 |   3290 |    235 |      3 |   2738 |   4 |  881.2 |
       Dungeon |   3525 |   3290 |    235 |      3 |   2738 |   4 |  881.2 |
               +--------+--------+--------+--------+--------+-----+--------+

Top non-repeatable levels by time:
     D:3: 1294 daAuts
     D:2: 1106 daAuts
     D:1: 1013 daAuts
     D:4: 111 daAuts
